[Event "Early-Titled-Tuesday-Blitz-May-07-2024"]
[Site "Chess.com"]
[Date "2024.05.07"]
[Round "6"]
[White "RamonManon0g"]
[Black "Alphafischer2019"]
[Result "0-1"]
[WhiteElo "2449"]
[BlackElo "2649"]
[TimeControl "180+1"]
[EndTime "9:12:53 PDT"]
[Termination "Alphafischer2019 won by checkmate"]

1. e4 c5 2. Nf3 Nc6 3. d4 cxd4 4.
Nxd4 g6 5. Nxc6 bxc6 6. c4 Nf6 7. Nc3 d6 8. Be2 Bg7 9. O-O O-O 10. Bg5 Be6 11. Qd2 Qa5 12. b3 h6 13. Nd5 Qxd2 14.
Nxe7+ Kh7 15. Bxd2 Nxe4 16. Rad1 Bd7 17. Bb4 Rfe8 18.
f3 Rxe7 19. fxe4 Rxe4 20. Bf3 Rd4 21. Bxd6 Re8 22. Bc5 Rxd1 23. Rxd1 Bf5 24. Bxa7 Ra8 25. Bd4 Bxd4+ 26. Rxd4 Rxa2 27. Bxc6 Rb2 28. Ba4 Bc2 29. Rd7 Kg7 30. Rb7 Be4 31. Re7 Rxg2+ 32. Kf1 Rg4 33.
c5 Kf6 34. Re8 Bd5 35. c6 Rxa4 36. c7 Ra1+ 37. Kf2 Rc1 38. c8=Q Rxc8 39. Rxc8 Bxb3 40. Kg3 Be6 41. Rc6 Kg5 42. Rc5+ Kf6 43. h4 Kg7 44. Kf4 Kf6 45. Rc6 g5+ 46. hxg5+ hxg5+ 47. Kg3 Kg6 48. Rd6 Kf5 49. Ra6 Bd7 50. Rd6 Be6 51.
Ra6 Kg6 52. Rb6 Kh5 53. Rd6 Bc8 54. Rc6 Bf5 55. Rf6 Bg6 56. Rb6 f5 57. Rb5 f4+ 58. Kf2 Be8 59. Re5 Bd7 60. Re7 Bf5 61. Rf7 Kg4 62.
Rg7 Be6 63. Rg6 Kf5 64. Rg7 g4 65. Ra7 g3+ 66. Kg1 Kg4 67. Ra4 Bd7 68. Rd4 Bb5 69. Rb4 Be2 70. Rb3 f3 71. Rb4+ Kg5 72. Rb1 Kh4 73. Rb4+ Kh3 74. Rb1 f2+ 75. Kh1 Bf3# 0-1

[Event "Early-Titled-Tuesday-Blitz-May-07-2024"]
[Site "Chess.com"]
[Date "2024.05.07"]
[Round "6"]
[White "AlexeiShirov"]
[Black "MITerryble"]
[Result "1/2-1/2"]
[WhiteElo "2857"]
[BlackElo "3028"]
[TimeControl "180+1"]
[EndTime "9:12:54 PDT"]
[Termination "Game drawn - insufficient material"]

1. e4 e6 2. d4 d5 3. e5 c5 4. c3 Qb6 5. Nf3 Bd7 6. Be2 cxd4 7. cxd4 Bb5 8. Nc3 Bxe2 9. Nxe2 Bb4+ 10. Bd2 Nc6 11.
O-O Bxd2 12. Qxd2 Nge7 13. Rac1 O-O 14. Rc3 Rac8 15. Rfc1 Na5 16. b3 h6 17. h4 Rxc3 18. Rxc3 Rc8 19. Rc5 Rxc5 20. dxc5 Qc7 21. Ned4 a6 22.
h5 Nac6 23. Nxc6 Nxc6 24. Qf4 Qa5 25. g4 Qxa2 26. g5 Qb1+ 27. Kg2 Qe4 28. Qxe4 dxe4 29.
Nd2 hxg5 30. Nxe4 Nxe5 31. Nxg5 Kf8 32. Ne4 Ke7 33. f4 Nd7 34. b4 Nf6 35. Nd6 b5 36.
Kf3 Nxh5 37. Nc8+ Kd7 38. Nd6 f5 39. Nf7 Nf6 40. Ne5+ Kc7 41. Ng6 Kc6 42. Ne5+ Kd5 43. Ke2 Nh5 44. Ng6 Nf6 45. Kd3 Kc6 46. Nf8 Kd5 47.
Ng6 Ng8 48. Ne5 Ne7 49. Nd7 Kc6 50. Ne5+ Kc7 51. Kd4 Nd5 52. Nd3 Ne7 53. Ke5 Kd7 54. Kd4 Nc6+ 55. Ke3 a5 56. bxa5 Nxa5 57. Ne5+ Kc7 58.
Kd3 Nc6 59. Nf7 Kd7 60. Ng5 Ke7 61. Nf3 Kf6 62. Kc3 g6 63. Kb3 e5 64. fxe5+ Nxe5 65. Nd4 g5 66. c6 Nf7 67. Nxb5 Ke7 68. c7 Kd7 69. Nd4 f4 70. Kc4 Kxc7 71. Kd5 Kd7 72. Ke4 Nd6+ 73. Kf3 Ke7 74. Kg4 Nf7 75. Nf3 Kf6 76.
Nxg5 Nxg5 77. Kxf4 1/2-1/2

[Event "Early-Titled-Tuesday-Blitz-May-07-2024"]
[Site "Chess.com"]
[Date "2024.05.07"]
[Round "6"]
[White "Revan_2002"]
[Black "miaou33"]
[Result "0-1"]
[WhiteElo "2716"]
[BlackElo "2561"]
[TimeControl "180+1"]
[EndTime "9:12:55 PDT"]
[Termination "miaou33 won on time"]

1. Nf3 d5 2. g3 Nf6 3. Bg2 c6 4. O-O Bg4 5. d3 Nbd7 6. c4 e6 7. Nc3 Be7 8. h3 Bxf3 9. Bxf3 O-O 10. cxd5 exd5 11. e4 dxe4 12. dxe4 Qa5 13. Qc2 Rad8 14. Bg2 Rfe8 15. f4 Bb4 16. e5 Bxc3 17. bxc3 Nd5 18. Bd2 Qc5+ 19. Kh2 N7b6 20. Rae1 Nb4 21. Qb3 Rxd2 22.
cxb4 Qc4 23. Rd1 Red8 24. Rxd2 Rxd2 25. Rd1 Rxd1 26. Qxd1 Qxb4 27. Qd8+ Qf8 28. Qc7 Qc8 29. Qd6 a5 30. h4 Qd7 31. Qc5 Nd5 32. Qxa5 h5 33.
Qc5 Qg4 34. Bxd5 cxd5 35. Qxd5 Qe2+ 36. Qg2 Qa6 37. f5 b5 38. Qe2 Qa4 39. e6 Kf8 40. exf7 Kxf7 41. Qe6+ Kf8 42. f6 Qc2+ 43. Kh3 gxf6 44.
Qxf6+ Kg8 45. Qg5+ Kf8 46. Qxh5 Qc8+ 47. Qg4 Qa6 48.
Qf4+ Kg8 49. h5 Qxa2 50. Qg5+ Kh8 51. Qxb5 Qa1 52. Qe8+ Kh7 53. Qg6+ Kh8 54. Qh6+ Kg8 55. Qg5+ Kh8 56. Qf4 Qh1+ 57. Kg4 Qd1+ 58. Kg5 Qe2 59. Qf6+ Kg8 60. Qh6 Kf7 61. Qg6+ Kf8 62. Qf6+ Kg8 63. h6 Qd2+ 64. Kg4 Qd1+ 65. Kg5 Qd2+ 66. Qf4 Qd5+ 0-1

[Event "Early-Titled-Tuesday-Blitz-May-07-2024"]
[Site "Chess.com"]
[Date "2024.05.07"]
[Round "6"]
[White "SchmakAttack"]
[Black "TigrVShlyape"]
[Result "0-1"]
[WhiteElo "2775"]
[BlackElo "2942"]
[TimeControl "180+1"]
[EndTime "9:12:57 PDT"]
[Termination "TigrVShlyape won by resignation"]

1. e4 c5 2. Nf3 e6 3. b3 a6 4.
Bb2 b5 5. d4 cxd4 6. Nxd4 Bb7 7. Bd3 Nf6 8. Nd2 Nc6 9. Nxc6 Bxc6 10. O-O Be7 11. e5 Nd5 12. Qg4 O-O 13. c4 bxc4 14.
Nxc4 a5 15. f4 f5 16. exf6 Bxf6 17. Qh5 h6 18. Ne5 Nb4 19. Bb1 Bxe5 20. Qxe5 Qf6 21. Qe2 Qh4 22. a3 Nd5 23. g3 Qh3 24. Qe4 Nf6 25. Qe2 Rab8 26. b4 axb4 27. axb4 Bb5 28. Bd3 Bxd3 29. Qxd3 Rxb4 30. Ba3 Ng4 31. Qe2 Re4 32. Qd2 Rf7 33. Rfe1 Rxe1+ 34. Rxe1 Qh5 35. Rd1 Qb5 36. Rf1 Qb6+ 37. Kh1 Qa6 38. Ra1 Qc6+ 39.
Qg2 Qxg2+ 40. Kxg2 h5 41. Bb2 Kh7 42. h3 Nh6 43.
Kf3 Nf5 44. g4 hxg4+ 45. hxg4 Nh4+ 46. Kg3 Ng6 47. Bc1 Kg8 48. Ra6 Ne7 49. Bd2 Nd5 50.
Rd6 Nf6 51. Rd4 d5 52. Kf3 Ne4 53. Be3 Rb7 54. f5 Kf7 55. fxe6+ Kxe6 56. Ra4 Rf7+ 57. Kg2 Rc7 58. Bf4 Rc2+ 59. Kf3 Rc3+ 60. Ke2 Nc5 61. Ra7 Rc4 62. Ke3 Re4+ 63. Kf3 Nd3 64. Bg3 g5 65. Ra6+ Kd7 66. Rg6 Ne5+ 67. Bxe5 Rxe5 68. Ra6 Kc7 69. Ra3 Kc6 70. Rc3+ Kb5 71. Rc1 d4 72. Rc8 d3 73.
Rd8 Kc4 74. Kf2 Kc3 75. Rc8+ Kd2 76. Rd8 Re4 77. Kf3 Rf4+ 78. Kg3 Ke3 79. Re8+ Re4 0-1

[Event "Early-Titled-Tuesday-Blitz-May-07-2024"]
[Site "Chess.com"]
[Date "2024.05.07"]
[Round "6"]
[White "Chessdreamer2020"]
[Black "XDPS"]
[Result "0-1"]
[WhiteElo "2518"]
[BlackElo "2830"]
[TimeControl "180+1"]
[EndTime "9:13:01 PDT"]
[Termination "XDPS won by resignation"]

1. e4 c5 2. Nf3 e6 3. b3 Nc6 4. Bb5 Nd4 5. Nxd4 cxd4 6. O-O Qc7 7. Bb2 a6 8. Bd3 Bc5 9. c3 dxc3 10. dxc3 d6 11. c4 Nf6 12. Nc3 O-O 13. Qe2 e5 14.
Rad1 Bg4 15. Qd2 Bxd1 16. Qxd1 Rfe8 17. Bc1 h6 18. Kh1 Bd4 19. Ne2 Ba7 20. Ng3 Nd7 21. Nf5 Nf8 22. Qg4 Ng6 23. h4 h5 24. Qxh5 Nf8 25.
Qg4 g6 26. h5 Re6 27. Nh4 Qd7 28. f4 exf4 29. Bxf4 Bd4 30. hxg6 Nxg6 31. Nxg6 fxg6 32. c5 Kg7 33. g3 Rh8+ 34. Kg2 d5 35. e5 Qe8 36. Bf5 Rc6 37. e6 Bf6 38. Bd6 Rh5 39.
Bd3 b6 40. b4 bxc5 41. bxc5 Rg5 42. Qf4 Qxe6 43. Rf2 d4 44. Re2 Qd5+ 45. Be4 Qc4 46. Bxc6 Qxe2+ 47. Qf2 Qxf2+ 48. Kxf2 d3 49. Be4 d2 50.
Ke2 Rg4 51. Bf3 Rd4 52. Kd1 Rd3 53. Be2 Rd4 54. Bf4 Rd5 55. c6 Rc5 56. c7 Bc3 57.
Bxa6 Rh5 58. Be5+ Rxe5 59. c8=Q Re1+ 60. Kc2 d1=Q+ 61. Kxc3 Qc1+ 62. Kb4 Re4+ 63. Bc4 Qb2+ 64. Kc5 Re5+ 65. Kd6 Qd4+ 66. Kc7 Rc5+ 67. Kb8 Rxc8+ 68. Kxc8 Qxc4+ 0-1

[Event "Early-Titled-Tuesday-Blitz-May-07-2024"]
[Site "Chess.com"]
[Date "2024.05.07"]
[Round "6"]
[White "ChadBiryani"]
[Black "Juicy_Fork"]
[Result "0-1"]
[WhiteElo "2555"]
[BlackElo "2438"]
[TimeControl "180+1"]
[EndTime "9:13:01 PDT"]
[Termination "Juicy_Fork won by checkmate"]

1. c4 Nf6 2. g3 g6 3. Bg2 Bg7 4. Nc3 O-O 5. d4 d6 6. h3 c5 7.
e3 Nc6 8. Bxc6 bxc6 9. dxc5 Qa5 10. cxd6 exd6 11. Bd2 Qb6 12. b3 d5 13. cxd5 Nxd5 14.
Nxd5 cxd5 15. Rc1 d4 16. Nf3 Ba6 17. Nxd4 Bxd4 18. exd4 Qb7 19. Rg1 f5 20. Be3 Rae8 21. d5 Re4 22. d6 Rd8 23. Qd2 Qb6 24. Rd1 Qb8 25. Qd5+ Kg7 26. Rd4 Ree8 27. Kd2 Bb7 28. Qc5 Rd7 29. Rd1 Red8 30. Ke1 Rc8 31. Qe5+ Kg8 32.
R4d2 Ba8 33. h4 Re8 34. Qd4 Qc8 35. Rd3 Qd8 36. Kd2 Qa5+ 37. Kc2 Qxa2+ 38. Kc3 Rc8+ 39. Qc4+ Rxc4+ 40. bxc4 Qa3+ 41. Kd2 Qb4+ 42. Ke2 Be4 43. Rd4 a5 44. Bd2 Qc5 45. Be3 Qe5 46. f4 Qe6 47. c5 Qa2+ 48. R1d2 Qb1 49. Rd1 Qc2+ 50. R4d2 Qc4+ 51. Kf2 a4 52. Rb2 Kf7 53. Rbd2 a3 54. Bd4 a2 55. Be3 Qb3 56. Bd4 Qc4 57. Be3 Ke6 58. Bd4 Qb3 59. Ke1 Ra7 60. Re2 Qc4 61. Kf2 Qd5 62. d7 Qxd4+ 63. Rxd4 a1=Q 64. Rdxe4+ fxe4 65. Rd2 Kf5 66. d8=Q Qh1 67. Qf8+ Kg4 68. Qc8+ Kh5 69. Ke3 Qf3+ 70. Kd4 Ra4+ 71. Ke5 Qc3+ 72. Ke6 Qxd2 73. Qg8 Qa2+ 74. Ke5 Qxg8 75. c6 Qe8+ 76. Kf6 Qxc6+ 77.
Kg7 Ra7+ 78. Kg8 Qc8# 0-1

[Event "Early-Titled-Tuesday-Blitz-May-07-2024"]
[Site "Chess.com"]
[Date "2024.05.07"]
[Round "6"]
[White "VD_coach"]
[Black "ccccvhhhj"]
[Result "1/2-1/2"]
[WhiteElo "2592"]
[BlackElo "2488"]
[TimeControl "180+1"]
[EndTime "9:13:02 PDT"]
[Termination "Game drawn - insufficient material"]

1. Nf3 d5 2. d4 c6 3. c4 e6 4. Nc3 dxc4 5. e4 b5 6. a4 Bb4 7. Bd2 a5 8. axb5 Bxc3 9. bxc3 cxb5 10. Be2 Bb7 11. Qb1 Ba6 12. O-O Ne7 13. Bg5 O-O 14. Bxe7 Qxe7 15. Rxa5 Nc6 16. Rxa6 Rxa6 17. Qxb5 Qa7 18.
Qxc4 Rb6 19. d5 exd5 20. exd5 Na5 21. Qh4 Nb3 22. Bd3 Rh6 23. Qb4 Nc5 24. Bb1 Nd7 25. Re1 Qc5 26. Qxc5 Nxc5 27. Nd4 Rd8 28. c4 Rb6 29.
Nb5 g6 30. g3 Rc8 31. Kg2 Na4 32. Bd3 Nb2 33. d6 Kf8 34. Bf1 Nxc4 35. d7 Rd8 36. Re8+ Rxe8 37. dxe8=Q+ Kxe8 38. Bxc4 Kf8 39. Be2 Rc6 40.
h4 Rc2 41. Bf3 Rb2 42. Nd4 Kg7 43. Nc6 f5 44. Ne5 Kf6 45. Nd7+ Kg7 46. Nc5 Ra2 47. Ne6+ Kf6 48. Nf4 Rb2 49. Bd5 Kg7 50. Kf3 Rd2 51.
Ke3 Rb2 52. Bf3 h6 53. Bd5 g5 54. hxg5 hxg5 55. Ne2 Kf6 56. Bg2 Rb3+ 57. Kd2 Ra3 58. f3 Ra2+ 59. Ke3 Ke5 60. f4+ gxf4+ 61. gxf4+ Kf6 62.
Bd5 Ra3+ 63. Kd4 Rh3 64. Nc3 Rh4 65. Ne2 Rh2 66. Bf3 Rh8 67. Ke3 Rd8 68. Kf2 Rh8 69.
Nd4 Rb8 70. Ke3 Rb1 71. Ne2 Rb3+ 72. Kf2 Ra3 73. Ng3 Ra2+ 74. Be2 Ra3 75. Bc4 Ra4 76. Bd3 Rxf4+ 77. Ke3 Rb4 78. Nxf5 Rb3 79. Kd4 Rxd3+ 80. Kxd3 1/2-1/2

[Event "Early-Titled-Tuesday-Blitz-May-07-2024"]
[Site "Chess.com"]
[Date "2024.05.07"]
[Round "6"]
[White "IndianSchoolOfSuffering"]
[Black "Sjakkerntobi"]
[Result "0-1"]
[WhiteElo "2397"]
[BlackElo "2548"]
[TimeControl "180+1"]
[EndTime "9:13:06 PDT"]
[Termination "Sjakkerntobi won by resignation"]

1. Nf3 d5 2. d4 e6 3. g3 c6 4. Bg2 Nf6 5. O-O Be7 6. b3 O-O 7. Bb2 a5 8. a3 b6 9. Nbd2 Bb7 10. e3 Nbd7 11. c4 c5 12. cxd5 Bxd5 13. Qe2 Ne4 14. Nxe4 Bxe4 15. Rfd1 Qc7 16. Rac1 Qb7 17. Ne1 Bxg2 18.
Nxg2 Rfd8 19. Nf4 a4 20. d5 exd5 21. Nxd5 Bf8 22. bxa4 Rxa4 23. Rc4 Qa6 24. Rc2 Qxe2 25. Rxe2 Rb8 26. Nc3 Ra7 27. Nb5 Rab7 28. Red2 Nf6 29.
Bxf6 gxf6 30. Rd8 Kg7 31. Rxb8 Rxb8 32. Rd7 c4 33. Rc7 Bc5 34. Nd4 Kg6 35. Kf1 Ra8 36.
Nb5 Ra5 37. Nc3 Rxa3 38. Ne4 Ra1+ 39. Ke2 Ra2+ 40. Kf3 Ra5 41. Rc6 Kg7 42. Nxc5 Rxc5 43. Rxb6 Kg6 44. Rb2 Kf5 45. e4+ Ke5 46. Ke3 Ra5 47.
f4+ Kd6 48. Kd4 Ra4 49. Rc2 c3+ 50. Kd3 Ra1 51. Rxc3 Rd1+ 52. Ke3 Rh1 53. Rc2 Ke7 54. Kf3 Kf8 55. Kg4 Kg7 56. h4 Re1 57. Kf5 Ra1 58.
g4 Ra5+ 59. e5 fxe5 60. fxe5 Ra1 61. Rc7 Rf1+ 62. Kg5 Re1 63. Rc5 h6+ 64. Kh5 Re4 65. g5 hxg5 66. Kxg5 Re1 67. h5 Rg1+ 68. Kf5 Rf1+ 69.
Ke4 Re1+ 70. Kd5 Kh7 71. Rc7 Kg7 72. Kd6 Rh1 73. e6 Rd1+ 74. Kc5 Rf1 75. e7 Re1 76.
Kd6 Kf6 77. Kd7 Rxe7+ 78. Kd8 Rxc7 79. Kxc7 Kg5 80. Kd6 Kxh5 81. Ke5 Kg5 82. Ke4 Kg4 83. Ke5 f5 84. Kd4 f4 85. Kd3 Kg3 86. Ke2 Kg2 87. Ke1 f3 0-1

[Event "Early-Titled-Tuesday-Blitz-May-07-2024"]
[Site "Chess.com"]
[Date "2024.05.07"]
[Round "6"]
[White "Elegance_Riks"]
[Black "ural58"]
[Result "0-1"]
[WhiteElo "2729"]
[BlackElo "2531"]
[TimeControl "180+1"]
[EndTime "9:13:07 PDT"]
[Termination "ural58 won by resignation"]

1. Nf3 d5 2. g3 Nc6 3. d4 Bf5 4. Bg2 Nb4 5. Na3 e6 6. O-O h6 7. c4 c6 8. Ne5 f6 9. Nd3 Nxd3 10. exd3 h5 11. Re1 Kf7 12. Nc2 h4 13. Ne3 hxg3 14.
hxg3 Bg6 15. c5 Ne7 16. b4 Nf5 17. Nxf5 Bxf5 18. g4 Bg6 19. Bf4 Qd7 20. a4 Re8 21.
Ra2 Be7 22. b5 Bd8 23. bxc6 bxc6 24. Rb2 Ba5 25. Re3 Bc3 26. Rc2 Bxd4 27. Rg3 e5 28. Be3 Bxe3 29. fxe3 e4 30. d4 Qc7 31. Qe1 Rb8 32.
Rf2 Kg8 33. Rf4 Rb2 34. g5 f5 35. Rh3 Rxh3 36. Bxh3 Qb8 37. Qg3 Rb1+ 38. Bf1 Qb3 39.
a5 Qd1 40. Rf2 Qd3 41. Qf4 Bf7 42. Kg2 Qd1 43. Kg1 Qg4+ 44. Qxg4 fxg4 45. a6 g3 46. Rg2 Bh5 47. Rxg3 Be2 48. g6 Bxf1 49. Rg5 Bxa6+ 50. Kf2 Rb8 51. Re5 Rf8+ 52. Kg2 Bb5 53. Re7 a5 54. Ra7 a4 55. Kg3 Rb8 56. Kg4 Kf8 57. Kf5 Kg8 58.
Ke6 Kh8 59. Kd6 Re8 60. Kd7 Rf8 61. Ke6 Rb8 62. Ke5 Be2 63. Rxa4 Bh5 64. Ra6 Bxg6 65. Rxc6 Bf7 66. Rd6 Bg8 67. Rd7 Rc8 68. Kd6 g5 69.
c6 g4 70. c7 g3 71. Rd8 Rxc7 72. Kxc7 g2 73. Rxd5 Bxd5 74. Kd6 Bg8 75. Ke5 g1=Q 76. d5 Qg5+ 0-1

[Event "Early-Titled-Tuesday-Blitz-May-07-2024"]
[Site "Chess.com"]
[Date "2024.05.07"]
[Round "6"]
[White "Meri-Arabidze"]
[Black "MagnusCarlsen"]
[Result "1/2-1/2"]
[WhiteElo "2708"]
[BlackElo "3205"]
[TimeControl "180+1"]
[EndTime "9:13:10 PDT"]
[Termination "Game drawn by repetition"]

1. Nf3 a5 2. c4 Ra6 3. d4 g6 4.
g3 Bg7 5. Bg2 Nf6 6. O-O O-O 7.
Nc3 d5 8. cxd5 Nxd5 9. Bd2 Nb6 10. Qc2 a4 11. Rfd1 Nc6 12. Be1 Bf5 13. e4 Bg4 14.
Ne2 a3 15. b3 Bxf3 16. Bxf3 Nxd4 17. Nxd4 Bxd4 18. Rac1 c5 19. b4 e5 20. bxc5 Na4 21.
Be2 Ra8 22. Bb4 Qf6 23. Bb5 Nb2 24.
Rd2 Rfc8 25. Qb3 Rc7 26. Bxa3 Na4 27. Bxa4 Qa6 28. Rc4 b5 29. Bxb5 Qxa3 30. Qxa3 Rxa3 31. c6 Kf8 32. Rcc2 Ke7 33. Kg2 f6 34. Bc4 Rxc6 35. Bb3 Rxc2 36. Rxc2 Kd7 37. Rc4 Ra7 38. Ra4 Rc7 39. Rc4 Bc5 40. h4 Kd6 41. Kf3 f5 42. Rc2 Rb7 43. h5 Rb4 44. exf5 gxf5 45. Kg2 h6 46. Rd2+ Bd4 47. Rc2 Rb8 48. Rc4 Bc5 49. Rc2 Ra8 50. Rd2+ Bd4 51. f4 Rc8 52.
fxe5+ Kxe5 53. Re2+ Kf6 54. Re6+ Kg7 55. Rg6+ Kh7 56.
Rd6 Be5 57. Rd5 Re8 58. Rd7+ Kh8 59. Bf7 Ra8 60. Bb3 Rc8 61. Rd5 Re8 62. Rd7 Bc3 63. Kf3 Re1 64. Rd8+ Kg7 65. Rd7+ Kf8 66. Rc7 Be5 67.
Rf7+ Ke8 68. Rxf5 Ke7 69. Rf7+ Kd6 70. Rh7 Rf1+ 71. Kg2 Rf6 72. Rf7 Rxf7 73. Bxf7 Bf6 74. Bg6 Bg5 75. Kf3 Kc5 76. Ke4 Kb6 77. Kf5 Ka5 78. Bf7 Kb6 79. Kg6 Ka7 80. Kf5 Kb6 81. Kg6 Ka7 82. Kf5 Kb6 1/2-1/2

[Event "Early-Titled-Tuesday-Blitz-May-07-2024"]
[Site "Chess.com"]
[Date "2024.05.07"]
[Round "6"]
[White "Cheer_Down"]
[Black "Matsanovic"]
[Result "0-1"]
[WhiteElo "2471"]
[BlackElo "2594"]
[TimeControl "180+1"]
[EndTime "9:13:19 PDT"]
[Termination "Matsanovic won by resignation"]

1. e4 c5 2. Nf3 e6 3. d4 cxd4 4.
Nxd4 a6 5. c4 Nf6 6. Nc3 Bb4 7.
Qd3 d6 8. Qg3 O-O 9. Bd3 Bxc3+ 10. bxc3 e5 11. Nb3 Nbd7 12. Ba3 Qc7 13. O-O Nh5 14.
Qe3 Nf4 15. Rfd1 b6 16. g3 Ne6 17. Rab1 Ndc5 18. Bf1 Bb7 19. Bg2 Rfd8 20. Rd2 Bc6 21.
Rbd1 Rd7 22. f3 Rad8 23. Bh3 Ba4 24. Bxc5 bxc5 25. f4 exf4 26. gxf4 Re7 27. e5 dxe5 28. Bxe6 Rxd2 29. Qxd2 fxe6 30. Qd8+ Kf7 31. Qxc7 Rxc7 32. fxe5 Bxb3 33. axb3 Rb7 34. Rb1 a5 35. Ra1 Rxb3 36. Rxa5 Rxc3 37. Rxc5 Rc2 38. Rc7+ Kg6 39. Re7 Rxc4 40.
Rxe6+ Kf5 41. Re7 Rg4+ 42. Kf2 h5 43. h3 Rg5 44. Re8 g6 45. e6 Kf6 46. e7 Kf7 47.
Ra8 Kxe7 48. Ra6 Rf5+ 49. Kg3 Kf7 50. Kh2 Kg7 51. Kg3 Kh6 52. Rb6 Rg5+ 53. Kh2 Rd5 54. Ra6 Kg5 55. Ra4 Kf5 56. Rb4 Re5 57. Ra4 Re2+ 58. Kg3 Re3+ 59. Kh2 Re4 60. Ra6 g5 61. Ra8 Re2+ 62. Kg3 h4+ 63. Kf3 Rh2 64. Rf8+ Kg6 65.
Kg4 Rg2+ 66. Kf3 Rg3+ 67. Kf2 Rxh3 68. Kg2 Rc3 69. Rg8+ Kh5 70. Ra8 Rc4 71. Ra7 Kg4 72.
Ra3 Rc2+ 73. Kh1 h3 74. Ra1 Kh4 75. Rg1 g4 76. Rb1 g3 77. Rb4+ Kg5 78. Rb1 Kf4 79. Ra1 Re2 80. Rb1 Kf3 81. Rf1+ Rf2 82. Ra1 Rd2 83. Rf1+ Ke2 84. Ra1 Rd1+ 85. Rxd1 Kxd1 0-1

[Event "Early-Titled-Tuesday-Blitz-May-07-2024"]
[Site "Chess.com"]
[Date "2024.05.07"]
[Round "6"]
[White "JJDAREK"]
[Black "zajka-molotok"]
[Result "1-0"]
[WhiteElo "2382"]
[BlackElo "2523"]
[TimeControl "180+1"]
[EndTime "9:13:19 PDT"]
[Termination "JJDAREK won by checkmate"]

1. d4 g6 2. c4 Bg7 3. e4 d6 4. Nc3 Nc6 5. Be3 e5 6. d5 Nd4 7.
Nge2 Nxe2 8. Bxe2 f5 9. exf5 gxf5 10. Bh5+ Kf8 11. O-O Nf6 12. Be2 f4 13. Bd2 Bf5 14. f3 Qd7 15. Be1 Kf7 16. Bd3 Rae8 17. Bh4 Rhg8 18. Qc2 Kg6 19. Bxf6 Bxf6 20. Bxf5+ Qxf5 21. Qxf5+ Kxf5 22. Ne4 b6 23. b4 a5 24. bxa5 bxa5 25.
Rab1 Rb8 26. Rb5 Rxb5 27. cxb5 a4 28. Rc1 Bd8 29. Rc4 Be7 30. Rxa4 Rb8 31. Rb4 c6 32. dxc6 d5 33. c7 Rc8 34. b6 Bxb4 35. b7 Rxc7 36. b8=Q Rc1+ 37. Kf2 Be1+ 38. Ke2 dxe4 39. fxe4+ Kxe4 40. Qb7+ Kf5 41. Qxh7+ Kf6 42. Qh8+ Ke6 43. Qe8+ Kf6 44. Qd8+ Ke6 45. a4 Bc3 46. a5 Rc2+ 47.
Kd1 Rxg2 48. Qc8+ Kf6 49. Qxc3 Rxh2 50. a6 Rh1+ 51. Ke2 Rh2+ 52. Kf1 Ra2 53. Qc6+ Kg5 54. Qb7 f3 55. Qxf3 Rxa6 56. Qe4 Re6 57. Ke2 Kf6 58.
Kf3 Ke7 59. Kg4 Kd6 60. Kf5 Re8 61. Qc4 Re7 62. Qd3+ Kc7 63. Kf6 Re8 64. Kf7 Rd8 65. Qe4 Rd7+ 66. Ke6 Rd8 67. Qxe5+ Kc6 68. Ke7 Rd7+ 69.
Ke6 Rd8 70. Qc3+ Kb7 71. Ke7 Rc8 72. Qb4+ Kc7 73. Qc5+ Kb7 74. Qb5+ Kc7 75. Qa6 Rb8 76. Qd6+ Kb7 77. Kd7 Ka7 78. Qc5+ Kb7 79. Qb5+ Ka7 80.
Qc6 Rb6 81. Qc5 Kb7 82. Qc7+ Ka8 83. Kc8 Rb5 84. Qc6+ Ka7 85. Qxb5 Ka8 86. Qa5# 1-0

[Event "Early-Titled-Tuesday-Blitz-May-07-2024"]
[Site "Chess.com"]
[Date "2024.05.07"]
[Round "6"]
[White "Hikaru"]
[Black "BogdanDeac"]
[Result "0-1"]
[WhiteElo "3229"]
[BlackElo "3114"]
[TimeControl "180+1"]
[EndTime "9:13:21 PDT"]
[Termination "BogdanDeac won by resignation"]

1. b3 e5 2. Bb2 Nc6 3. e3 d5 4. Bb5 Bd6 5. f4 Qh4+ 6. Kf1 f6 7.
Qf3 Ne7 8. Nc3 Be6 9. Be2 exf4 10. Nb5 fxe3 11. Qxe3 Qe4 12. Nxd6+ cxd6 13. Bd3 Qxe3 14.
dxe3 Bf5 15. Nf3 Bxd3+ 16. cxd3 Ne5 17. Ke2 Kd7 18. Nd4 h5 19. h3 Rac8 20. Kd2 N7c6 21.
Nc2 Rh6 22. Rhf1 Rg6 23. Rf2 Rg3 24. Re1 Rh8 25. Ree2 h4 26. b4 a6 27. a3 b5 28.
Re1 Rh6 29. Ra1 Rhg6 30. Ne1 Kc7 31. Bc3 Kb7 32. a4 Rh6 33. axb5 axb5 34. Ke2 Rh8 35. Rf4 Re8 36. Kf2 Ng6 37. Rf3 Rg5 38. Ra2 Rh5 39. d4 Rhh8 40. Nd3 Ra8 41. Rxa8 Rxa8 42.
Be1 Nce7 43. Kf1 Ra3 44. e4 Ra2 45. e5 dxe5 46. dxe5 fxe5 47. Rf7 Kc6 48. Nxe5+ Nxe5 49. Rxe7 Nd3 50. Bxh4 Nxb4 51. Rxg7 Nd3 52. Bf6 b4 53. Rg3 Rf2+ 54. Kg1 Rxf6 55. Rxd3 Kc5 56. g4 Kc4 57. Rd1 b3 58. Kg2 b2 59. g5 Rb6 60. Rb1 Kc3 61.
h4 Kc2 62. Rh1 d4 63. h5 d3 64. g6 d2 65. g7 Rb8 66. h6 d1=Q 67. Rxd1 Kxd1 68. h7 b1=Q 69. g8=Q Qe4+ 70. Kg1 Qe3+ 71. Kh1 Qe5 72. Kg2 Rb2+ 73. Kf3 Rb8 74. Qg1+ Kd2 75. Qf2+ Kd3 76. Qf1+ Kc2 77. Qc4+ Kd2 78. Qa2+ Kc1 79. Qa3+ Kc2 80. Qa2+ Qb2 81. Qa7 Qc3+ 82. Kg4 Rb4+ 83.
Kg5 Qg3+ 84. Kf6 Rf4+ 85. Ke6 Qg6+ 86. Kd5 Qe4+ 87. Kd6 Rf6+ 88. Kc5 Rc6+ 89. Kb5 Qc4+ 0-1

[Event "Early-Titled-Tuesday-Blitz-May-07-2024"]
[Site "Chess.com"]
[Date "2024.05.07"]
[Round "6"]
[White "Rud_Makarian"]
[Black "Rakhmanov_Aleksandr"]
[Result "1-0"]
[WhiteElo "3054"]
[BlackElo "2855"]
[TimeControl "180+1"]
[EndTime "9:13:23 PDT"]
[Termination "Rud_Makarian won by resignation"]

1. d4 Nf6 2. c4 d6 3. Nf3 g6 4. Nc3 Bf5 5. g3 Bg7 6. Bg2 c6 7. O-O O-O 8. Ne1 Be6 9. b3 d5 10. cxd5 cxd5 11. Bb2 Nc6 12. e3 Rc8 13. Nd3 Bf5 14.
Qe2 Bxd3 15. Qxd3 e6 16. Rfc1 Qd7 17. Qd2 Qe7 18. Na4 Rc7 19. Nc5 Rfc8 20. Nd3 Ne4 21. Qe2 Nb4 22. Rxc7 Rxc7 23. Ba3 a5 24. Bxb4 axb4 25.
Bxe4 dxe4 26. Nf4 Bh6 27. Rd1 Qd6 28. Nh3 Qd5 29. Kg2 Rc3 30. Rd2 Kg7 31. Ng1 Qc6 32.
h4 Kg8 33. Nh3 Qd5 34. Qg4 Qf5 35. Qxf5 gxf5 36. Ng1 Kf8 37. Ne2 Rc7 38. Kh3 Ke7 39. g4 Bg7 40. gxf5 exf5 41. Ng3 Ke6 42. d5+ Ke5 43.
d6 Rd7 44. Rc2 b6 45. Rc7 Kxd6 46. Rxd7+ Kxd7 47. Nxf5 Be5 48. Kg4 Ke6 49. h5 Bc7 50.
Kg5 Bd8+ 51. Kf4 Kd5 52. Nh6 Ke6 53. Kxe4 Bh4 54. f3 Be1 55. Nf5 Bc3 56. Nd4+ Kf6 57. f4 Kg7 58. Nf5+ Kf6 59. Ng3 Ke6 60. Ne2 Bb2 61. Kf3 Kd5 62. e4+ Kc5 63. Ke3 Bg7 64. Kd3 Bh6 65. Ke3 Kd6 66. Nd4 Kc5 67. Nf5 Bf8 68. Kd3 Kc6 69. e5 Kd5 70. Ne3+ Ke6 71. Ke4 Bc5 72. f5+ Ke7 73. Nd5+ Kd7 74. Nf6+ Ke7 75.
Nxh7 Bf2 76. Nf6 Be1 77. Nd5+ Kf8 1-0

[Event "Early-Titled-Tuesday-Blitz-May-07-2024"]
[Site "Chess.com"]
[Date "2024.05.07"]
[Round "6"]
[White "super_emi_26"]
[Black "Thjop"]
[Result "1/2-1/2"]
[WhiteElo "2867"]
[BlackElo "2590"]
[TimeControl "180+1"]
[EndTime "9:13:26 PDT"]
[Termination "Game drawn by repetition"]

1. e4 e6 2. d3 d5 3. Qe2 Ne7 4. Nf3 c5 5. g3 Nbc6 6. Bg2 g6 7. O-O Bg7 8. c3 O-O 9. Nbd2 b6 10. Re1 a5 11.
exd5 exd5 12. Nf1 Re8 13. Qc2 a4 14. Bg5 h6 15. Bd2 g5 16. h4 g4 17. N3h2 h5 18. Ne3 Qd6 19. Rad1 Be6 20. c4 d4 21. Nd5 Nxd5 22.
cxd5 Bxd5 23. Bf4 Rxe1+ 24. Rxe1 Qd7 25. a3 Bxg2 26. Kxg2 Qd5+ 27. Kg1 Be5 28. Qd2 Re8 29. f3 gxf3 30. Kf2 Re6 31. Nxf3 Bf6 32. Rxe6 Qxe6 33.
Qc2 Qb3 34. Qxb3 axb3 35. Nd2 b5 36. Bd6 Ne5 37. Ke2 c4 38. Bxe5 Bxe5 39. dxc4 bxc4 40. Nxc4 Bxg3 41. a4 Bxh4 42. Nd2 Bf6 43. a5 Bd8 44. Nxb3 h4 45. a6 Bb6 46. Nd2 Kg7 47. b4 f5 48.
b5 h3 49. Kf3 d3 50. Nc4 f4 51.
Nd2 Kf6 52. Nf1 Kf5 53. Nd2 Be3 54. Nf1 Ba7 55. Nd2 Ke5 56. b6 Bxb6 57. Nc4+ Kf5 58.
Nxb6 d2 59. Ke2 h2 60. a7 d1=Q+ 61. Kxd1 h1=Q+ 62. Ke2 Qg2+ 63. Ke1 Qg1+ 64. Ke2 Qe3+ 65. Kf1 Qxb6 66. a8=Q Qb1+ 67. Kf2 Qb2+ 68. Kf3 Qc3+ 69. Kf2 Qe3+ 70. Kg2 Qg3+ 71. Kf1 Qd3+ 72. Kf2 Qd4+ 73.
Kg2 Ke5 74. Qh8+ Ke4 75. Qe8+ Kd3 76. Qb5+ Ke3 77. Qe8+ Kd2 78. Qb5 Qe4+ 79. Kf2 Qe3+ 80. Kf1 Qd3+ 81. Qxd3+ Kxd3 82. Kf2 Ke4 83. Ke2 f3+ 84.
Kf2 Kf4 85. Kf1 Kg3 86. Kg1 Kg4 87. Kf2 Kf4 88. Kf1 Ke3 89. Ke1 Ke4 90. Kf2 Kf4 1/2-1/2